 Dungeon Crawl Stone Soup version 0.24.0-2-g5b39cebb1c (webtiles) character file.

Game seed: 4711849005540969590, levelgen mode: deterministic

85 Mrkan the Chopper (level 4, 0/40 HPs)
             Began as a Hill Orc Fighter on Oct 29, 2019.
             Slain by an ogre
             ... wielding a +0 giant spiked club
              (19 damage)
             ... on level 2 of the Dungeon.
             The game lasted 00:03:28 (1420 turns).

Mrkan the Chopper (Hill Orc Fighter)                Turns: 1420, Time: 00:03:28

Health: 0/40       AC: 10    Str: 24    XL:     4   Next: 48%
Magic:  4/4        EV:  5    Int:  8    God:
Gold:   160        SH:  9    Dex: 10    Spells: 3/3 levels left

rFire    . . .     SeeInvis .   a - +0 war axe
rCold    . . .     Gourm    .   c - +0 shield
rNeg     . . .     Faith    .   j - +0 chain mail
rPois    .         Spirit   .   (no helmet)
rElec    .         Reflect  .   (no cloak)
rCorr    .         Harm     .   (no gloves)
MR       .....                  e - +0 pair of boots
Stlth    ..........             (no amulet)
HPRegen  0.13/turn              (no ring)
MPRegen  0.09/turn              (no ring)

@: mighty
A: no striking features
a: no special abilities


You were on level 2 of the Dungeon.
You were not hungry.

You visited 1 branch of the dungeon, and saw 2 of its levels.

You collected 160 gold pieces.

Inventory:

Hand Weapons
 a - a +0 war axe (weapon)
Armour
 c - a +0 shield (worn)
 e - a +0 pair of boots (worn)
 j - a +0 chain mail (worn)
Scrolls
 b - a scroll of remove curse {unknown}
 h - 2 scrolls of enchant armour {unknown}
 i - a scroll of fear {unknown}
 k - a scroll of enchant weapon {unknown}
 l - 2 scrolls of teleportation {unknown}
 n - a scroll of amnesia {unknown}
 o - 3 scrolls of blinking {unknown}
 r - a scroll of identify {unknown}
Potions
 g - 2 potions of magic {unknown}
 p - a potion of heal wounds {unknown}
 q - a potion of degeneration {unknown}
Comestibles
 f - 2 rations


   Skills:
 + Level 4.2 Fighting
 * Level 4.4 Axes
 + Level 3.8 Armour
 + Level 3.8 Shields


You had 3 spell levels left.
You didn't know any spells.
Your spell library was empty.

Dungeon Overview and Level Annotations

Branches:
Dungeon (2/15)

Altars:
Kikubaaqudgha
Okawaru


Message History

A rat comes into view.
A rat is nearby!
The rat bites you.
You hit the rat.
The rat is severely wounded.
You block the rat's attack.
You slash the rat!
You kill the rat!
An ogre comes into view. It is wielding a +0 giant spiked club.
The ogre shouts!
Found a leather armour.
An ogre is nearby!
You feel very mighty all of a sudden.
Your shield and chain mail prevent you from hitting the ogre.
The ogre hits you with a +0 giant spiked club!!
Ouch! That really hurt!
You slash the ogre!
The ogre is moderately wounded.
The ogre hits you with a +0 giant spiked club!!
You die...

####### #.....# #.....#
# #.....# # #.....# #
#######.....#######..
####.......(....@O..%[..
#....#####......##.....#
..#### #####.......#####
########...<.......# #
#............#.##
####..........##..#
.................##
###..........## ##
#.....)....#


You could see an ogre.

Vanquished Creatures
  2 adders (D:2)
  An ooze (D:2)
  2 dart slugs (D:1)
  A leopard gecko (D:1)
  5 giant cockroaches (D:1)
  7 goblins
  8 hobgoblins
  A quokka (D:2)
  2 ball pythons (D:1)
  8 bats
  A frilled lizard (D:1)
  6 kobolds
  A quokka skeleton (D:2)
  9 rats
54 creatures vanquished.

Notes
Turn   | Place    | Note
-------+----------+-------------------------------------------
     0 | D:1      | Mrkan the Hill Orc Fighter began the quest for the Orb.
     0 | D:1      | Reached XP level 1. HP: 19/19 MP: 1/1
   104 | D:1      | Reached XP level 2. HP: 25/27 MP: 2/2
   325 | D:1      | Reached XP level 3. HP: 33/33 MP: 3/3
   845 | D:2      | Reached XP level 4. HP: 12/40 MP: 4/4
  1238 | D:2      | Found an ancient bone altar of Kikubaaqudgha.
  1238 | D:2      | Found an iron altar of Okawaru.
  1415 | D:2      | Noticed an ogre
  1420 | D:2      | Slain by an ogre

Levels and vault maps discovered:
D:1:      lemuel_arrival_hallway, layout_basic, hangedman_abyss_or_decor_stabs,
          minmay_pentomino_t4
D:2:      layout_rooms, gammafunk_temple_overflow_statue, first_ration,
          uniq_terence

Skill      XL: |  1  2  3 |
---------------+----------+-----
Axes           | 3 4 |  4.4
Fighting       | 4 |  4.2
Armour         | |  3.8
Shields        | |  3.8

Action                   |  1- 3 |  4- 6 || total
-------------------------+-------+-------++-------
Melee: War axe           |   143 |    42 ||   185
  Use: Potion            |       |     1 ||     1
  Eat: Chunk             |       |     2 ||     2
Armor: Scale mail        |    32 |       ||    32
       Chain mail        |    44 |    22 ||    66
Dodge: Dodged            |    30 |     8 ||    38
Block: Shield            |    71 |    15 ||    86
